 Dungeon Crawl Stone Soup version 0.31-a0-507-gbafd7f5274 (webtiles) character file.

Game seed: 12548050688510436902

30 Fodor the Covered (level 3, 0/33 HPs)
             Began as a Minotaur Fighter on Aug 9, 2023.
             Slain by an orc
             ... wielding a +0 club
              (3 damage)
             ... on level 2 of the Dungeon.
             The game lasted 00:06:44 (1042 turns).

Fodor the Covered (Minotaur Fighter)                Turns: 1042, Time: 00:06:44

Health: 0/33       AC:  7    Str: 22    XL:     3   Next: 5%
Magic:  2/2        EV:  9    Int:  5    God:
Gold:   25         SH:  4    Dex:  9    Spells: 2/2 levels left

rFire   . . .        a - +0 long sword
rCold   . . .        c - +0 buckler
rNeg    + . .        b - +0 scale mail
rPois   .            (helmet restricted)
rElec   .            (no cloak)
rCorr   .            (no gloves)
SInv    .            (no boots)
Will    .....        (no amulet) Stlth
                     e - ring of positive energy
HPRegen 0.25/turn    (no ring)
MPRegen 0.08/turn

%: no passive effects
@: mighty
A: horns 2, retaliatory headbutt
a: no special abilities


You were on level 2 of the Dungeon.
You visited 1 branch of the dungeon, and saw 2 of its levels.

You collected 25 gold pieces.

Inventory:

Hand Weapons
 a - a +0 long sword (weapon)
 i - a +0 flail
Missiles
 g - 7 boomerangs (quivered)
Armour
 b - a +0 scale mail (worn)
 c - a +0 buckler (worn)
Jewellery
 e - a ring of positive energy (left hand)
Scrolls
 f - a scroll of enchant armour {unknown}
 h - a scroll of poison {unknown}


   Skills:
 + Level 4.0 Fighting
 + Level 3.0 Long Blades
 + Level 4.1 Armour
 + Level 0.4 Dodging
 + Level 3.9 Shields


You had 2 spell levels left.
You didn't know any spells.
Your spell library contained the following spells:

 Spells                   Type           Power      Damage    Failure   Level
 Inner Flame              Hex/Fire       0%         N/A       99%         3
 Flame Wave               Conj/Fire      0%         2d4       100%        4
 Sticky Flame             Conj/Fire      0%         2d3       100%        4


Dungeon Overview and Level Annotations

Branches:
Dungeon (2/15)

Altars:


Innate Abilities, Weirdness & Mutations

You have a pair of horns on your head.
You reflexively headbutt those who attack you in melee.


Message History

A puff of flame appears from out of thin air!
You block the puff of flame. The orc hits you but does no damage.
The orc closely misses you. The orc hits you but does no damage.
Something hits you but does no damage. The orc hits you with a +0 club.
You hit something.
You hear some strange, mumbled words.
You are confused.
The orc hits you with a +0 club.
* * * LOW HITPOINT WARNING * * *
The orc completely misses you.
Unknown command.
You miss the orc.
The orc is severely wounded.
You hear some strange, mumbled words.
Something tries to affect you, but you resist.
The orc hits you with a +0 club.
* * * LOW HITPOINT WARNING * * *
The orc hits you but does no damage.
You barely miss something. Your headbutt misses something.
The orc hits you with a +0 club.
* * * LOW HITPOINT WARNING * * *
Something hits you but does no damage. The orc hits you but does no damage. x2
The orc barely misses you.
You hear some strange, mumbled words.
A magic dart appears from out of thin air!
The magic dart hits you.
* * * LOW HITPOINT WARNING * * *
You feel very mighty all of a sudden. The orc hits you but does no damage.
You hear some strange, mumbled words.
Something tries to affect you, but you resist.
The orc hits you but does no damage.
You slash the orc!
You kill the orc!
Something hits you but does no damage. The orc barely misses you.
You closely miss something.
You feel less confused. Something hits you but does no damage.
The orc hits you but does no damage. The orc hits you with a +0 club.
You die...

...[... #.. .....
#.# .....
#!#####.# ...
#.......# ...
#....#.## ##'##
#### #.#
#..)############.#
#8{8#............#
#.@o##.###########
##.###.# #'###.#
#.....# #######


You could see an orc.

Vanquished Creatures
  2 orcs (D:2)
  3 bats (D:1)
  2 endoplasms (D:1)
  2 giant cockroaches (D:1)
  4 goblins (D:1)
  4 ball pythons
  4 frilled lizards (D:1)
  4 kobolds (D:1)
  2 rats (D:1)
27 creatures vanquished.

Notes
Turn   | Place    | Note
-------+----------+-------------------------------------------
     0 | D:1      | Fodor the Minotaur Fighter began the quest for the Orb.
     0 | D:1      | Reached XP level 1. HP: 19/19 MP: 0/0
   296 | D:1      | Reached XP level 2. HP: 27/27 MP: 1/1
  1020 | D:2      | Reached XP level 3. HP: 33/33 MP: 2/2
  1025 | D:2      | Found the +1 Delatra's gloves {ID++}
  1042 | D:2      | Slain by an orc

Illustrated notes

Levels and vault maps discovered:
D:1:      co_arrival_random_square_maze, layout_loops_corners
D:2:      layout_loops_ring, shapermc_ecumenical_altar_mp_vishouse,
          pf_guarded_unrand_delatra, uniq_crazy_yiuf_cottage, uniq_terence

Skill      XL: |  1  2 |
---------------+-------+-----
Fighting       | 4 |  4.0
Long Blades    | 3 |  3.0
Armour         | 4 |  4.1
Dodging        | |  0.4
Shields        | |  3.9

Action                     || total
---------------------------++-------
  Melee: Long sword        ||    68
         Headbutt          ||    10
  Throw: Boomerang         ||     3
    Use: Potion            ||     1
 Armour: Scale mail        ||    47
  Dodge: Dodged            ||    35
  Block: Buckler           ||    21

Table legend: (Time is in decaauts)
 A = Elapsed time spent in this place.
 B = Non-inter-level travel time spent in this place.
 C = Inter-level travel time spent in this place.
 D = Time resting spent in this place.
 E = Time spent auto-exploring this place.
 F = Levels seen in this place.
 G = Mean time per level.
                   A        B        C        D        E       F      G
               +--------+--------+--------+--------+--------+-----+--------+
         Total |   1061 |   1044 |     17 |      0 |      0 |   2 |  530.5 |
       Dungeon |   1061 |   1044 |     17 |      0 |      0 |   2 |  530.5 |
               +--------+--------+--------+--------+--------+-----+--------+

Top non-repeatable levels by time:
     D:1: 931 daAuts
     D:2: 130 daAuts
